cohdb
Replays
Latest Replays
All Replays
Popular Replays
Top Player Replays
Match Explorer
How It Works
Community
CoH3 Stats
Reddit
Sign in to upload your games and track your stats! →
Sign in with Steam
Match 39066168
Unlisted
Match 39066168
Overview
Messages
Build Orders
End
Kettenkrad Recon Vehicle
Construct Infanterie Kompanie
MG 42 Machine Gun Team
MG 42 Machine Gun Team
Medical Station
GrW 34 Mortar Team
MG 42 Bunker
Construct Panzergrenadier Kompanie
Pak 40 Anti-tank Gun Team
Support Elements
Pioneer Squad
Nebelwerfer 42 Rocket Launcher Team
StuG III G Assault Gun
Selects Breakthrough Battlegroup
Selects Rapid Production
Pioneer Squad
MG 42 Machine Gun Team
MG 42 Bunker
Nebelwerfer 42 Rocket Launcher Team
Selects Assault Grenadiers
Selects Breakthrough
Selects Incendiary Bombing Run
Incendiary Bombing Run
Construct Panzer Kompanie
MG 42 Machine Gun Team
Sturmpanzer IV Brummbär
Pak 40 Anti-tank Gun Team
Incendiary Bombing Run
Pioneer Squad
Pioneer Squad
苏大大
Yosugami
secyde
Dahlian
Random_Target
Turtleboy
0
0
Comments
sign in to comment!
No comments posted yet!